 Dungeon Crawl Stone Soup version 0.26.1-11-gd32895ea62 (webtiles) character file.

Game seed: 2456020997058768564

3785 Gerhazo the Destroyer (level 9, -20/71 HPs)
             Began as a White Draconian Conjurer on June 2, 2021.
             Was a Believer of Vehumet.
             Demolished by a white very ugly thing (24 damage)
             ... on level 6 of the Dungeon.
             The game lasted 00:17:01 (11833 turns).

Gerhazo the Destroyer (White Draconian Conjurer)   Turns: 11833, Time: 00:17:01

Health: -20/71     AC: 10    Str:  9    XL:     9   Next: 95%
Magic:  4/19       EV: 13    Int: 25    God:    Vehumet [**....]
Gold:   560        SH:  0    Dex:  7    Spells: 12/22 levels left

rFire    + . .     SeeInvis .   j - staff of poison (curse)
rCold    + . .     Faith    .   (no shield)
rNeg     . . .     Spirit   .   (armour unavailable)
rPois    +         Reflect  .   (helmet restricted)
rElec    .         Harm     .   z - +2 cloak
rCorr    .         Rampage  .   (no gloves)
Will     .....                  (no boots)
Stlth    ++........             (no amulet)
HPRegen  0.21/turn              p - ring of protection from fire
MPRegen  0.16/turn              v - ring of the Castellan {Int+4 Dex-4 Stlth+} (curse)

@: no status effects
A: breathe frost, unfitting armour, cold resistance 1, cold-blooded, AC +7
a: Breathe Frost, Renounce Religion


You were on level 6 of the Dungeon.
You worshipped Vehumet.
Vehumet was pleased with you.
You visited 2 branches of the dungeon, and saw 8 of its levels.
You also visited: Sewer and Ossuary.

You collected 560 gold pieces.

Inventory:

Hand Weapons
 u - a +0 mace of protection
Missiles
 w - 32 poisoned darts
Armour
 z - a +2 cloak (worn)
Magical Staves
 j - a cursed staff of poison (weapon)
Jewellery
 o - an uncursed ring of protection from cold
 p - a ring of protection from fire (left hand)
 v - the cursed ring of the Castellan (right hand) {Int+4 Dex-4 Stlth+}
   (You found it on level 5 of the Dungeon)

   [ring of dexterity]

   It affects your intelligence (+4).
   It affects your dexterity (-4).
   It makes you more stealthy.
   It has a curse placed upon it.
Wands
 q - a wand of paralysis (9)
 C - a wand of acid (3)
 D - a wand of iceblast (5)
Scrolls
 a - 7 scrolls of teleportation {unknown}
 d - 5 scrolls of amnesia {unknown}
 e - 14 scrolls of identify {unknown}
 g - 5 scrolls of blinking {unknown}
 k - 8 scrolls of remove curse {unknown}
 m - 2 scrolls of enchant weapon {unknown}
 t - 2 scrolls of fear {unknown}
 y - a scroll of fog {unknown}
Potions
 b - 2 potions of curing {unknown}
 c - 6 potions of might {unknown}
 f - a potion of cancellation {unknown}
 h - 9 potions of heal wounds {unknown}
 i - 3 potions of brilliance {unknown}
 l - 2 potions of flight {unknown}
 n - 6 potions of attraction {unknown}
 r - 2 potions of berserk rage {unknown}
 s - 3 potions of mutation {unknown}
 x - a potion of haste
 A - a potion of invisibility {unknown}
 B - a potion of resistance {unknown}
Miscellaneous
 E - a phantom mirror


   Skills:
 + Level 3.9 Fighting
 + Level 3.8 Dodging
 - Level 1.7 Stealth
 + Level 7.3 Spellcasting
 - Level 10.3 Conjurations
 + Level 3.1 Necromancy
 + Level 4.3 Ice Magic


You had 12 spell levels left.
You knew the following spells:

 Your Spells              Type           Power        Failure   Level
a - Magic Dart            Conj           100%         1%          1
b - Searing Ray           Conj           100%         1%          2
c - Vampiric Draining     Necr           12%          5%          3
d - Iskenderun's Mystic   Conj/Tloc      35%          8%          4

Your spell library contained the following spells:

 Spells                   Type           Power        Failure   Level
 Inner Flame              Hex/Fire       9%           21%         3
 Animate Skeleton         Necr           48%          1%          1
 Pain                     Necr           96%          1%          1
 Dazzling Flash           Conj/Hex       70%          2%          3
 Fulminant Prism          Conj/Hex       17%          8%          4
 Animate Dead             Necr           12%          19%         4
 Confusing Touch          Hex            9%           21%         3
 Gell's Gravitas          Tloc           4%           21%         3
 Agony                    Necr           24%          45%         5
 Petrify                  Tmut/Erth      9%           54%         4
 Metabolic Englaciation   Hex/Ice        10%          58%         5
 Yara's Violent Unravell  Hex/Tmut       4%           88%         5


Dungeon Overview and Level Annotations

Branches:
Dungeon (7/15)             Temple (1/1) D:6           Sewer (visited)
Ossuary (visited)

Altars:
Ashenzari
Cheibriados
Dithmenos
Elyvilon
Fedhas
Gozag
Hepliaklqana
Kikubaaqudgha
Makhleb
Nemelex Xobeh
Qazlal
Ru
Sif Muna
Trog
Uskayaw
Vehumet
Wu Jian
Xom
Yredelemnul
Zin
The Shining One

Shops:
D:4 =


Innate Abilities, Weirdness & Mutations

You can breathe waves of freezing cold.
You can buffet flying creatures when you breathe cold.
Your icy white scales are hard. (AC +7)
You cannot fit into any form of body armour.
Your flesh is cold resistant. (rC+)
You are cold-blooded and may be slowed by cold attacks.


Message History

You are covered in liquid flames!
The red very ugly thing basks in your mutagenic energy and changes!
Your magical contamination has completely faded away.
There is a stone staircase leading down here.
The white very ugly thing closely misses you.
The white very ugly thing stings you!! The white very ugly thing freezes you!
You resist.
* * * LOW HITPOINT WARNING * * *
Casting: Searing Ray (safe; 1% risk of failure)
Confirm with . or Enter, or press ? or * to list all spells.
You erupt in a blast of force!
The mystic blast hits the white very ugly thing.
The white very ugly thing is moderately wounded.
The white very ugly thing is knocked back by the mystic blast.
Unknown command.
The white very ugly thing barely misses you.
The white very ugly thing stings you!
* * * LOW HITPOINT WARNING * * *
The white very ugly thing freezes you!! You resist.
You die...

#...........
#######.#########.
#...........# #.
#.#####.###.# #.
#.# #.# #.# #.
##'#####.###.# #.
#.........##.# #.
#.........##.# ###.
#.@.......##.# #...
#.u.......##.# #.#.
#.........+..# #.#.
#.........######.#.
#.........###....#.
#................#.
#..[.............#.
#................#.
#................#.


You could see a white very ugly thing.

Vanquished Creatures
  A cyclops (D:7)
  An ugly thing (D:7)
  A steam dragon (D:7)
  An ice beast (D:7)
  2 orc warriors
  An ogre (D:5)
  A sky beast (D:7)
  2 phantoms
  4 centaurs
  6 big kobolds
  3 bullfrogs
  4 scorpions
  A howler monkey (D:7)
  6 hounds
  An orc priest (D:6)
  2 jellies
  A human zombie (Ossuary)
  4 orc wizards
  3 iguanas (D:7)
  3 worker ants
  A big kobold zombie (Ossuary)
  A hound skeleton (D:7)
  4 mummies (Ossuary)
  7 gnolls
  16 adders
  A river rat (Sewer)
  A shadow imp (D:7)
  6 white imps
  2 ufetubi
  3 oozes
  3 adder zombies (Ossuary)
  An adder skeleton (D:5)
  5 worms
  The ghost of MatrixGlitch the Sneak, a weakling KoDe (D:5)
  2 dart slugs (D:1)
  22 orcs
  7 bats
  8 giant cockroaches
  4 gnoll zombies (Ossuary)
  7 hobgoblins
  5 jackals
  4 quokkas
  8 ball pythons
  5 frilled lizards
  10 goblins
  A hobgoblin zombie (Ossuary)
  21 kobolds
  A leopard gecko skeleton (D:7)
  An orc zombie (Ossuary)
  2 quokka skeletons
  2 quokka zombies (D:7)
  12 rats
  A rat zombie (Ossuary)
223 creatures vanquished.

Vanquished Creatures (others)
  3 plants
3 creatures vanquished.

Grand Total: 226 creatures vanquished

Notes
Turn   | Place    | Note
-------+----------+-------------------------------------------
     0 | D:1      | Gerhazo the Draconian Conjurer began the quest for the Orb.
     0 | D:1      | Reached XP level 1. HP: 14/14 MP: 3/3
   273 | D:1      | Reached XP level 2. HP: 20/20 MP: 0/5
   979 | D:1      | Reached XP level 3. HP: 26/26 MP: 0/6
  1288 | D:1      | Learned a level 2 spell: Searing Ray
  1550 | D:3      | Reached skill level 5 in Conjurations
  1626 | D:3      | Reached XP level 4. HP: 33/33 MP: 4/8
  1668 | D:3      | Found a glowing drain.
  1679 | Sewer    | Entered a sewer
  1803 | Sewer    | Noticed a big kobold
  1835 | Sewer    | Killed a big kobold
  1836 | Sewer    | Reached XP level 5. HP: 28/38 MP: 0/9
  1956 | Sewer    | Reached skill level 6 in Conjurations
  2283 | Sewer    | Reached XP level 6. HP: 45/45 MP: 2/11
  2555 | Sewer    | Reached skill level 7 in Conjurations
  3195 | D:4      | Found Nuretz's Jewellery Emporium.
  3200 | D:4      | Your scales start taking on an icy white colour.
  3200 | D:4      | Reached XP level 7. HP: 50/50 MP: 8/13
  3200 | D:4      | Gained mutation: Your flesh is cold resistant. (rC+) [White
                  | Draconian growth]
  3996 | D:5      | Entered Level 5 of the Dungeon
  4004 | D:5      | Reached skill level 8 in Conjurations
  4007 | D:5      | Reached skill level 5 in Spellcasting
  4141 | D:5      | Reached XP level 8. HP: 57/57 MP: 6/15
  4148 | D:5      | Found a burning altar of Makhleb.
  4155 | D:5      | Found a glowing silver altar of Zin.
  4156 | D:5      | Noticed an angel
  4156 | D:5      | Noticed an Executioner
  4222 | D:5      | Found a sand-covered staircase.
  4226 | Ossuary  | Entered an ossuary
  4779 | D:5      | Reached skill level 9 in Conjurations
  4868 | D:5      | Got a heavily runed jade ring
  4871 | D:5      | Identified the cursed ring of the Castellan {Int+4 Dex-4
                  | Stlth+} (You found it on level 5 of the Dungeon)
  4969 | D:5      | Found a glowing golden altar of the Shining One.
  5044 | D:5      | Noticed MatrixGlitch's ghost (weakling KoDe)
  5050 | D:5      | Found a runed translucent door.
  5063 | D:5      | Killed MatrixGlitch's ghost
  5312 | D:6      | Found a staircase to the Ecumenical Temple.
  5321 | Temple   | Entered the Ecumenical Temple
  5392 | Temple   | Became a worshipper of Vehumet
  6673 | D:3      | Reached * piety under Vehumet
  6673 | D:3      | Offered knowledge of Shock by Vehumet.
  6674 | D:3      | Found an ancient bone altar of Kikubaaqudgha.
  6720 | D:3      | Found a blossoming altar of Fedhas.
  8011 | D:6      | Reached skill level 10 in Conjurations
  8156 | D:6      | Offered knowledge of Freeze by Vehumet.
  8159 | D:6      | Reached ** piety under Vehumet
  8177 | D:6      | Reached skill level 1 in Ice Magic
  8343 | D:6      | Found an opulent altar of Gozag.
  8472 | D:6      | Found a basalt altar of Yredelemnul.
  8472 | D:6      | Found a sacrificial altar of Ru.
  8795 | D:7      | Reached XP level 9. HP: 59/63 MP: 15/18
  8970 | D:7      | Reached skill level 1 in Fighting
  9217 | D:7      | Reached skill level 1 in Necromancy
  9523 | D:7      | Noticed a purple very ugly thing
  9524 | D:7      | Noticed a cyan ugly thing
  9565 | D:7      | Noticed a cyclops
  9781 | D:7      | Learned a level 3 spell: Vampiric Draining
 10128 | D:7      | Killed a cyclops
 10565 | D:7      | Offered knowledge of Inner Flame by Vehumet.
 11047 | D:6      | Learned a level 4 spell: Iskenderun's Mystic Blast
 11088 | D:7      | Killed a purple ugly thing
 11833 | D:6      | Demolished by a white very ugly thing

Illustrated notes

Levels and vault maps discovered:
D:1:      zelgadis_glass_arrival_large, layout_basic, chequers_decorated_corner,
          chequers_hall_statues_corner_a, serial_bayou_pond_b, hex_intersection
D:2:      layout_basic
D:3:      layout_basic, grunt_temple_overflow_growth_and_decay,
          portal_sewer_entry_d, kennysheep_small_spiral, nrook_mini_vaults
D:4:      layout_loops_cross, serial_shops, shop
D:5:      layout_rooms, grunt_temple_overflow_order_and_chaos_2,
          lemuel_round_altar, hellmonk_ghost_happy_afterlife, enter_ossuary_5
D:6:      cheibrodos_thug_alley, layout_basic, amethyst_overflow_temple_binary,
          minmay_temple_entry_waves, grunt_gozag_statues
D:7:      nzn_winding_woodlands_medium [nzn_winding_woodlands_5x5_perimeter,
          nzn_winding_woodlands_5x15_cabin, nzn_winding_woodlands_5x5_three,
          nzn_winding_woodlands_5x5_closed_star,
          nzn_winding_woodlands_center_lodge, nzn_winding_woodlands_5x5_cross,
          nzn_winding_woodlands_5x5_open_star,
          nzn_winding_woodlands_5x15_zeroes,
          nzn_winding_woodlands_5x5_checkerboard], layout_cave_pools
Temple:   nicolae_temple_great_sept

Skill      XL: |  1  2  3  4  5  6  7  8  9 |
---------------+----------------------------+-----
Conjurations   | 5 6 7 8 10 | 10.3
Spellcasting   | 3 4 5 6 7 |  7.3
Ice Magic      | 1 4 |  4.3
Dodging        | 2 3 |  3.8
Fighting       | 3 |  3.9
Necromancy     | 3 |  3.1
Stealth        | |  1.7

Action                   |  1- 3 |  4- 6 |  7- 9 || total
-------------------------+-------+-------+-------++-------
Melee: Club              |     5 |     8 |       ||    13
       Staff             |       |       |     3 ||     3
 Cast: Magic Dart        |    49 |       |     1 ||    50
       Searing Ray       |     5 |    35 |   150 ||   190
       Iskenderun's Myst |       |       |    15 ||    15
       Vampiric Draining |       |       |     2 ||     2
 Abil: Breathe Frost     |       |       |     8 ||     8
Armor: Skin              |       |    12 |    37 ||    49
Dodge: Dodged            |     7 |    18 |    72 ||    97
